[Event "Titled Tuesday Blitz February 21 Late 2023"]
[White "Melkumyan, Hrant"]
[Black "Nakamura, Hikaru"]
[WhiteFideId "13302485"]
[BlackFideId "2016192"]
[WhiteElo "2645"]
[BlackElo "2775"]
[Result "0-1"]
[Round "04"]
[TimeControl "180+2"]
[Date "2023.02.21"]
[WhiteClock "0:00:01"]
[BlackClock "0:00:11"]

1. d4 d6 2. Nf3 g6 3. e4 Bg4 4. Nbd2 Bg7 5. h3 Bd7 6. Bd3 Nc6 7. d5 Nb4 8. Bc4 c5 9. c3 Na6 10. a4 Nf6 11. O-O O-O 12. Re1 Nc7 13. Nf1 a6 14. a5 Bb5 15. Qe2 Bxc4 16. Qxc4 e6 17. dxe6 Nxe6 18. Ne3 Re8 19. Nd5 Nd7 20. Be3 Rc8 21. Red1 Rc6 22. Rd2 h6 23. Nf4 Nd4 24. Nh2 Rxe4 25. Qd3 Qe8 26. Rad1 Nb3 27. Re2 Nxa5 28. Nd5 Nc4 29. Nf3 Nxe3 30. Rxe3 Rxe3 31. Nxe3 Nf6 32. c4 Qe4 33. Qb3 Qe7 34. Qd3 a5 35. Nd2 a4 36. Ra1 Rb6 37. Rxa4 Rxb2 38. Ra8+ Kh7 39. Nf3 Ne4 40. Ng4 Qe6 41. Qe3 f5 42. Ngh2 Rb1+ 43. Nf1 Qxc4 44. Nd2 Nxd2 45. Qe8 Qxf1+ 46. Kh2 Be5+ 47. f4 Qxf4+ 48. g3 Qxg3# 0-1


[Site "https://www.chess.com"]

[Event "Titled Tuesday Blitz February 21 Late 2023"]
[White "Sanal, Vahap"]
[Black "Naroditsky, Daniel"]
[WhiteFideId "6300545"]
[BlackFideId "2026961"]
[WhiteElo "2600"]
[BlackElo "2618"]
[Result "0-1"]
[Round "04"]
[TimeControl "180+2"]
[Date "2023.02.21"]
[WhiteClock "0:00:07"]
[BlackClock "0:00:02"]

1. e4 c5 2. Nf3 d6 3. Bb5+ Bd7 4. Bxd7+ Qxd7 5. O-O Nf6 6. Qe2 Nc6 7. b3 g6 8. Bb2 Bg7 9. c4 O-O 10. d4 cxd4 11. Nxd4 Nh5 12. Nxc6 Nf4 13. Qd2 Bxb2 14. Qxb2 bxc6 15. Qd2 e5 16. Nc3 Rad8 17. Rad1 Ne6 18. Ne2 Qe7 19. Qe3 Qb7 20. Rd2 a5 21. Rfd1 Qb4 22. h4 h5 23. g3 a4 24. Kg2 axb3 25. axb3 Rd7 26. Ra2 Rb8 27. Rad2 Qxb3 28. Qxb3 Rxb3 29. Rxd6 Rxd6 30. Rxd6 Rb2 31. Kf1 Rb1+ 32. Kg2 Rb2 33. Ng1 Nc5 34. Rxc6 Nxe4 35. Nh3 Rc2 36. Rc7 Kf8 37. Kg1 Rc1+ 38. Kg2 Rc2 39. Kg1 Nd6 40. c5 Nb5 41. Rc8+ Ke7 42. Ng5 f6 43. Ne4 Nd4 44. Rc7+ Ke6 45. Kg2 f5 46. Ng5+ Kd5 47. Rg7 e4 48. Rd7+ Kxc5 49. Rc7+ Kd5 50. Rxc2 Nxc2 51. Nh3 Ke5 52. Nf4 Kf6 53. Kf1 Nd4 54. Nd5+ Ke5 55. Nf4 Kf6 56. Nd5+ Kf7 57. Kg2 Ne6 58. f3 Nc5 59. fxe4 fxe4 60. Kf2 Ke6 61. Nf4+ Kf5 62. Nd5 Ke5 63. Ne7 Kf6 64. Nd5+ Ke6 65. Nf4+ Kf5 66. Nd5 Nd3+ 67. Ke3 Ne5 68. Ne7+ Ke6 69. Nc8 Kf5 70. Nd6+ Kg4 71. Nxe4 Nc4+ 72. Kf2 Ne5 73. Kg2 Kf5 74. Nd6+ Ke6 75. Ne4 Ng4 76. Ng5+ Ke5 77. Nh3 Kf5 78. Nf4 Ne5 79. Nd5 Ke4 80. Ne7 Ke3 81. Nd5+ Kd4 82. Ne7 Kc5 83. Ng8 Ng4 84. Ne7 Ne5 85. Ng8 Kd4 86. Nf6 Ng4 87. Ne8 Ke3 88. Nd6 Kd4 89. Nf7 Kd5 90. Ng5 Ke5 91. Nh3 Ne3+ 92. Kf3 Nd5 93. Ng5 Kf5 94. Ne4 Ne7 95. Nd6+ Ke5 96. Nc4+ Kd5 97. Ne3+ Kd4 98. Ng2 Nd5 99. Nf4 Ne7 100. Ne6+ Ke5 101. Nf4 Kf5 102. Ne2 Nc6 103. Nc3 Ne5+ 104. Kg2 Nc4 105. Nd5 Ke5 106. Nf4 Kf6 107. Kf3 Kf5 108. Nd5 Ne5+ 109. Kg2 Ng4 110. Nf4 Nf6 0-1


[Site "https://www.chess.com"]

[Event "Titled Tuesday Blitz February 21 Late 2023"]
[White "Kamsky, Gata"]
[Black "Nihal Sarin"]
[WhiteFideId "2000024"]
[BlackFideId "25092340"]
[WhiteElo "2665"]
[BlackElo "2673"]
[Result "1-0"]
[Round "04"]
[TimeControl "180+2"]
[Date "2023.02.21"]
[WhiteClock "0:00:33"]
[BlackClock "0:00:04"]

1. d4 Nf6 2. Bf4 d6 3. Nf3 Nbd7 4. h3 g6 5. e3 Bg7 6. c4 O-O 7. Nc3 b6 8. Be2 Bb7 9. d5 Re8 10. O-O e5 11. Bh2 a5 12. e4 Nc5 13. Qc2 Bc8 14. b3 Nh5 15. Rfe1 f5 16. Nd2 Nf4 17. Bf1 Bh6 18. Kh1 Rf8 19. a3 Qg5 20. Nf3 Qh5 21. Nd2 g5 22. b4 axb4 23. axb4 Rxa1 24. Rxa1 Nxe4 25. Ndxe4 fxe4 26. g4 Qf7 27. Nxe4 b5 28. Bxf4 gxf4 29. f3 Bg7 30. Ng5 Qg6 31. Qxg6 hxg6 32. Ne4 Bb7 33. Ra7 Rb8 34. Kg2 Kf8 35. h4 Ke7 36. cxb5 Kd8 37. b6 Bf8 38. bxc7+ Kxc7 39. Ng5 Kb6 40. Ra5 Be7 41. Bd3 Bxg5 42. hxg5 Rg8 43. Rb5+ Kc7 44. Ra5 Kb6 45. Kf2 Rc8 46. Bxg6 Rg8 47. Be4 Rxg5 48. Ra1 Rg8 49. Rh1 Kb5 50. Rh6 Kxb4 51. Rxd6 Kc5 52. Rd7 Ba6 53. Rc7+ Kd4 54. d6 Rd8 55. d7 Bb5 56. Bf5 e4 57. fxe4 Rh8 58. Rc8 Rh2+ 59. Kg1 1-0


[Site "https://www.chess.com"]

[Event "Titled Tuesday Blitz February 21 Late 2023"]
[White "Bernadskiy, Vitaliy"]
[Black "Caruana, Fabiano"]
[WhiteFideId "14100371"]
[BlackFideId "2020009"]
[WhiteElo "2592"]
[BlackElo "2764"]
[Result "0-1"]
[Round "04"]
[TimeControl "180+2"]
[Date "2023.02.21"]
[WhiteClock "0:00:13"]
[BlackClock "0:00:44"]

1. e4 c5 2. Nc3 Nc6 3. Nf3 e5 4. Bc4 g6 5. Nd5 Bg7 6. c3 d6 7. O-O Nge7 8. d4 exd4 9. cxd4 Nxd5 10. exd5 Nxd4 11. Re1+ Kf8 12. Nxd4 cxd4 13. b3 Bf5 14. Bb2 Qf6 15. Qd2 a6 16. a4 h5 17. Rad1 h4 18. Qe2 d3 19. Bxf6 dxe2 20. Bxg7+ Kxg7 21. Rxe2 h3 22. Bd3 Bd7 23. Re7 Rad8 24. g3 Kf6 25. Rde1 Rhe8 26. Rxe8 Bxe8 27. f4 Rc8 28. Kf2 Bd7 29. Ke3 Rc3 30. Kd4 Rxb3 31. a5 Ra3 32. Rb1 Rxd3+ 0-1


[Site "https://www.chess.com"]

[Event "Titled Tuesday Blitz February 21 Late 2023"]
[White "Paravyan, David"]
[Black "Zhigalko, Sergei"]
[WhiteFideId "4194985"]
[BlackFideId "13502956"]
[WhiteElo "2601"]
[BlackElo "2572"]
[Result "1-0"]
[Round "04"]
[TimeControl "180+2"]
[Date "2023.02.21"]
[WhiteClock "0:00:08"]
[BlackClock "0:00:02"]

1. c4 e5 2. Nc3 Nf6 3. Nf3 Nc6 4. e4 Bb4 5. d3 d6 6. a3 Bc5 7. b4 Bb6 8. Be3 Bg4 9. Be2 Bxf3 10. Bxf3 Nd4 11. O-O O-O 12. Rc1 c6 13. g3 a5 14. b5 Bc5 15. Ra1 a4 16. Ra2 Qa5 17. Bd2 Qa7 18. Kg2 Kh8 19. Bg5 Ne8 20. Bg4 Nc7 21. bxc6 bxc6 22. Ne2 Rfb8 23. Nxd4 Bxd4 24. f4 f6 25. fxe5 dxe5 26. Rxf6 gxf6 27. Bxf6+ Kg8 28. Bd7 Ne8 29. Qg4+ Kf8 30. Qf5 Qxd7 31. Bg7+ Kxg7 32. Qxd7+ Kg8 33. Qxc6 Ng7 34. c5 Kh8 35. Rc2 Rc8 36. Qd5 Rd8 37. Qc4 Rac8 38. c6 Ne8 39. Qxa4 Nc7 40. Qc4 Rf8 41. a4 Ra8 42. Qb4 Rf7 43. a5 Na6 44. Qb5 Nc7 45. Qb4 Na6 46. Qc4 Re7 47. Rc1 Nc7 48. Rb1 Ne8 49. Rb7 Nd6 50. Qb4 Nxb7 51. cxb7 Ree8 52. bxa8=Q Rxa8 53. a6 h6 54. Qb7 Ra7 55. Qc8+ Kh7 56. h4 Kg7 57. g4 Rf7 58. g5 hxg5 59. hxg5 Rf2+ 60. Kg3 Ra2 61. Kg4 Rg2+ 62. Kf5 Rf2+ 63. Ke6 Rf7 64. Kd5 Ra7 65. Kc6 Rf7 66. Kb5 Ra7 67. Qe6 Rf7 68. Qh6+ Kg8 69. g6 Rd7 70. Qh3 Ra7 71. Qf5 Kg7 72. Qe6 Rc7 73. Qd6 Ra7 74. Qc6 Kh6 75. Qe8 Kg7 76. Qe6 Rc7 77. Kb4 Ra7 78. Kb3 Rc7 79. Qd6 Ra7 80. Kc2 Ra8 81. Kd1 Ra7 82. Ke2 Kh6 83. Kf3 Kg7 84. Kg3 Ra8 85. Qd7+ Kxg6 86. Qc6+ Kg5 87. Qxa8 1-0


[Site "https://www.chess.com"]

[Event "Titled Tuesday Blitz February 21 Late 2023"]
[White "Deac, Bogdan-Daniel"]
[Black "Kravtsiv, Martyn"]
[WhiteFideId "1226380"]
[BlackFideId "14113147"]
[WhiteElo "2700"]
[BlackElo "2598"]
[Result "0-1"]
[Round "04"]
[TimeControl "180+2"]
[Date "2023.02.21"]
[WhiteClock "0:00:01"]
[BlackClock "0:00:07"]

1. c4 e6 2. g3 d5 3. Bg2 Nf6 4. Nf3 Be7 5. O-O O-O 6. d3 d4 7. e3 c5 8. exd4 cxd4 9. Re1 Nc6 10. Na3 Nd7 11. Nc2 e5 12. b4 f6 13. Rb1 a5 14. a3 axb4 15. axb4 Ra2 16. Bd2 Nb6 17. b5 Nb8 18. Nb4 Ra7 19. Nh4 g5 20. Nf3 N8d7 21. h4 h6 22. hxg5 hxg5 23. Nh2 Nc5 24. Nd5 Nxd5 25. Bxd5+ Kg7 26. Bb4 Rh8 27. Bxc5 Bxc5 28. Ra1 Rxa1 29. Qxa1 Qd7 30. Qd1 Qh3 31. Nf1 Bb4 32. Qb1 Bxe1 33. Qxe1 Bf5 34. Qb4 Re8 35. Qd6 Bxd3 36. Qc7+ Kh6 37. Nd2 Qc8 38. Qf7 Rf8 39. Qe7 b6 40. Qd6 Qd8 41. Qe6 Bg6 42. f4 exf4 43. gxf4 gxf4 44. Nf3 Qe8 45. Qxb6 Qe3+ 46. Kg2 Bh5 47. Qd6 Qe2+ 48. Kh3 Qf1+ 49. Kh2 Qf2+ 50. Kh1 Bxf3+ 0-1


[Site "https://www.chess.com"]

[Event "Titled Tuesday Blitz February 21 Late 2023"]
[White "Bortnyk, Olexandr"]
[Black "Gokerkan, Cem Kaan"]
[WhiteFideId "14120828"]
[BlackFideId "6336760"]
[WhiteElo "2605"]
[BlackElo "2500"]
[Result "1/2-1/2"]
[Round "04"]
[TimeControl "180+2"]
[Date "2023.02.21"]
[WhiteClock "0:00:03"]
[BlackClock "0:00:09"]

1. d4 Nf6 2. Nc3 d5 3. Bf4 a6 4. e3 b5 5. a3 e6 6. Nf3 c5 7. dxc5 Bxc5 8. Bd3 Bb7 9. O-O Nbd7 10. Qe2 O-O 11. Rad1 Qe7 12. e4 dxe4 13. Nxe4 Nxe4 14. Bxe4 Bxe4 15. Qxe4 Nf6 16. Qe5 Rfd8 17. Bg5 Rxd1 18. Rxd1 Rd8 19. Re1 Qa7 20. Bxf6 Bxf2+ 21. Kh1 gxf6 22. Qxf6 Rd5 23. Rf1 Rf5 24. Qd8+ Kg7 25. Qd2 Bd4 26. g4 Rf6 27. c3 Be3 28. Qe2 Rf4 29. h3 Qc5 30. Kg2 a5 31. Re1 Re4 32. Qd3 f5 33. Qd7+ Kg8 34. Rd1 Bh6 35. Qd8+ Bf8 36. Qg5+ Kh8 37. Qf6+ Kg8 38. Qg5+ Kh8 39. Nd4 Qd5 40. Qf6+ Kg8 41. Kg1 Bg7 42. Qe7 Bxd4+ 43. cxd4 Rxd4 44. Qg5+ Kf7 45. Qh5+ Kg7 46. Qg5+ Kf7 47. Qh5+ Kf8 48. Qh6+ Kg8 49. Qg5+ Kf7 1/2-1/2


[Site "https://www.chess.com"]

[Event "Titled Tuesday Blitz February 21 Late 2023"]
[White "Vakhlamov, Igor L."]
[Black "Fedoseev, Vladimir"]
[WhiteFideId "24126748"]
[BlackFideId "24130737"]
[WhiteElo "2413"]
[BlackElo "2680"]
[Result "1/2-1/2"]
[Round "04"]
[TimeControl "180+2"]
[Date "2023.02.21"]
[WhiteClock "0:01:16"]
[BlackClock "0:01:26"]

1. e4 c5 2. Nf3 d6 3. Nc3 a6 4. d4 cxd4 5. Qxd4 Nc6 6. Qd3 Nf6 7. Be2 h6 8. Nd5 e5 9. Nxf6+ Qxf6 10. O-O Be7 11. c3 O-O 12. Be3 Qg6 13. Nd2 Bh3 14. Bf3 Rad8 15. Qe2 Be6 16. Rfd1 f5 17. exf5 Qxf5 18. c4 Qf7 19. b3 d5 20. cxd5 Bxd5 21. Bxd5 Rxd5 1/2-1/2


[Site "https://www.chess.com"]

[Event "Titled Tuesday Blitz February 21 Late 2023"]
[White "Bluebaum, Matthias"]
[Black "Samsonkin, Artiom"]
[WhiteFideId "24651516"]
[BlackFideId "13503111"]
[WhiteElo "2669"]
[BlackElo "2420"]
[Result "1-0"]
[Round "04"]
[TimeControl "180+2"]
[Date "2023.02.21"]
[WhiteClock "0:00:07"]
[BlackClock "0:00:06"]

1. d4 e6 2. c4 d5 3. Nc3 c5 4. cxd5 cxd4 5. Qa4+ Nd7 6. Qxd4 exd5 7. Qxd5 Ngf6 8. Qd1 Bc5 9. e3 O-O 10. Nf3 Bb4 11. Bd2 Qe7 12. Be2 Rd8 13. O-O Ne5 14. Nd4 Bc5 15. Nb3 Bd6 16. h3 Be6 17. Nd4 Bc4 18. b3 Bd3 19. Bxd3 Nxd3 20. Qe2 Nc5 21. Nf5 Qe5 22. Nxd6 Rxd6 23. Nb5 Rd3 24. b4 Rad8 25. Bc3 Qe8 26. bxc5 Qxb5 27. Bd4 Qa6 28. Rad1 Ra3 29. Qf3 Ne8 30. Qg3 Qg6 31. Qf3 Rxa2 32. Qxb7 h5 33. c6 Rc2 34. Rc1 Rxc1 35. Rxc1 Nd6 36. Qe7 Rc8 37. Qd7 Nf5 38. Qxc8+ Kh7 39. Qd7 Nh4 40. Qd5 f5 41. c7 f4 42. c8=Q f3 43. Qcg8+ Kh6 44. Qh8+ Qh7 45. Bxg7+ Kg6 46. Qxh7+ 1-0


[Site "https://www.chess.com"]

[Event "Titled Tuesday Blitz February 21 Late 2023"]
[White "Tabatabaei, M. Amin"]
[Black "Vasquez Schroeder, Rodrigo"]
[WhiteFideId "12521213"]
[BlackFideId "3400042"]
[WhiteElo "2677"]
[BlackElo "2524"]
[Result "1-0"]
[Round "04"]
[TimeControl "180+2"]
[Date "2023.02.21"]
[WhiteClock "0:00:02"]
[BlackClock "0:00:14"]

1. d4 d5 2. Nf3 Nf6 3. c3 c6 4. Qc2 g6 5. Bf4 Bf5 6. Qb3 Qb6 7. h3 Bg7 8. e3 Nbd7 9. Nbd2 a5 10. g4 Be4 11. Nxe4 Nxe4 12. Bd3 Nef6 13. c4 a4 14. Qxb6 Nxb6 15. c5 Nbd7 16. Ke2 O-O 17. b4 axb3 18. axb3 Ne4 19. b4 Rfe8 20. Rhc1 e6 21. Bh2 f5 22. b5 Nc3+ 23. Kd2 Nxb5 24. Bxb5 cxb5 25. Rab1 Ra2+ 26. Ke1 fxg4 27. hxg4 Rf8 28. Bf4 g5 29. Nxg5 e5 30. dxe5 Nxe5 31. Bxe5 Bxe5 32. f4 Bf6 33. Ne6 Re8 34. f5 Bh4+ 35. Kf1 Re7 36. Rxb5 h5 37. c6 bxc6 38. Rxc6 hxg4 39. Rb4 Ra1+ 40. Kg2 Ra2+ 41. Kf1 Ra1+ 42. Ke2 Ra2+ 43. Kd3 Ra3+ 44. Ke2 Ra2+ 45. Kd3 Ra3+ 46. Kd2 Ra2+ 47. Rc2 Be1+ 48. Kd1 Ra1+ 49. Ke2 Bxb4 50. Rc8+ Kf7 51. Rf8# 1-0


[Site "https://www.chess.com"]

[Event "Titled Tuesday Blitz February 21 Late 2023"]
[White "Bikuzhin, Maksim"]
[Black "Sjugirov, Sanan"]
[WhiteFideId "24128015"]
[BlackFideId "4189302"]
[WhiteElo "2279"]
[BlackElo "2712"]
[Result "1/2-1/2"]
[Round "04"]
[TimeControl "180+2"]
[Date "2023.02.21"]
[WhiteClock "0:00:06"]
[BlackClock "0:00:05"]

1. e4 c5 2. Nc3 Nc6 3. f4 g6 4. Nf3 Bg7 5. Bb5 Nd4 6. Bd3 e6 7. Nxd4 cxd4 8. Nb5 d6 9. c3 dxc3 10. bxc3 Nf6 11. Ba3 O-O 12. Nxd6 e5 13. O-O Bg4 14. Qe1 exf4 15. Rxf4 Be6 16. Qf1 Ng4 17. Nc4 Re8 18. h3 Ne5 19. Nxe5 Bxe5 20. Rf3 Qa5 21. Bb4 Qc7 22. Kh1 Red8 23. Qf2 b6 24. Bf1 a5 25. Ba3 Bg7 26. d4 Bc4 27. Bxc4 Qxc4 28. Qf1 Rac8 29. Qxc4 Rxc4 30. Raf1 Rd7 31. e5 Ra4 32. Bd6 Rxa2 33. c4 Rc2 34. c5 bxc5 35. dxc5 a4 36. Ra3 Rc4 37. Rfa1 Ra7 38. c6 Rxc6 39. Rxa4 Rxa4 40. Rxa4 Rc8 41. Kh2 Bh6 42. Re4 Re8 43. Kg3 Bg7 44. Kf4 Bh6+ 45. Kg3 Bg5 46. Kf3 Bd8 47. Bc5 Bc7 48. Bd6 Bb6 49. Bb4 Kg7 50. Bd6 Re6 51. Re2 Bd8 52. Re4 Bg5 53. Re2 h5 54. g4 hxg4+ 55. hxg4 Kg8 56. Re4 Re8 57. Rb4 Bh6 58. Rb8 Rxb8 59. Bxb8 Kf8 60. Ke4 Ke7 61. Kd5 Bd2 62. Bd6+ Kd7 63. Bc5 Bf4 64. Bd6 Bg5 65. Bc5 Bd8 66. Bd6 Be7 67. Bxe7 Kxe7 68. Kd4 Ke6 69. Ke4 Kd7 70. Kd5 Ke7 71. Kd4 Ke6 72. Ke4 Ke7 73. Kd5 Kd7 74. Kd4 Kc6 75. Kc4 Kd7 76. Kd5 Ke7 1/2-1/2


[Site "https://www.chess.com"]

[Event "Titled Tuesday Blitz February 21 Late 2023"]
[White "Svane, Frederik"]
[Black "Stoyanov, Tsvetan"]
[WhiteFideId "12923044"]
[BlackFideId "2917173"]
[WhiteElo "2600"]
[BlackElo "2454"]
[Result "0-1"]
[Round "04"]
[TimeControl "180+2"]
[Date "2023.02.21"]
[WhiteClock "0:00:11"]
[BlackClock "0:00:10"]

1. c4 e5 2. d3 Nf6 3. Nf3 Nc6 4. Nc3 d5 5. cxd5 Nxd5 6. e4 Nb6 7. Be2 Be7 8. Be3 O-O 9. O-O Be6 10. a4 a5 11. Rc1 f5 12. exf5 Bxf5 13. Qb3+ Kh8 14. Ne4 Nd4 15. Nxd4 exd4 16. Bf4 c6 17. Bg3 Bb4 18. Nc5 Qe7 19. Ne4 Bxe4 20. dxe4 Qxe4 21. Bd3 Qd5 22. Qc2 Qh5 23. Rfd1 Rae8 24. Bf1 c5 25. h3 Rc8 26. b3 Nd5 27. Bc4 Nf6 28. Be2 Qf7 29. Bf3 Rfe8 30. Qd3 b6 31. Rc4 Re6 32. Rc2 Rce8 33. Kh2 h6 34. Qc4 R6e7 35. Qb5 Qxb3 36. Rcc1 Qe6 37. Rb1 Bc3 38. Qxb6 Qxb6 39. Rxb6 Re1 40. Rxe1 Rxe1 41. Rd6 c4 42. Bh4 d3 43. Rc6 Be5+ 44. g3 d2 45. Rc8+ Kh7 46. Rd8 c3 47. Bxf6 Bxf6 48. Bg4 Kg6 49. Rd5 Kf7 50. Bf5 d1=Q 51. Rxd1 Rxd1 52. Kg2 Rd2 53. Be4 c2 0-1


[Site "https://www.chess.com"]

[Event "Titled Tuesday Blitz February 21 Late 2023"]
[White "Chigaev, Maksim"]
[Black "Oganian, Miran"]
[WhiteFideId "4108116"]
[BlackFideId "4122488"]
[WhiteElo "2628"]
[BlackElo "2439"]
[Result "0-1"]
[Round "04"]
[TimeControl "180+2"]
[Date "2023.02.21"]
[WhiteClock "0:00:01"]
[BlackClock "0:00:05"]

1. Nf3 d5 2. c4 e6 3. g3 Nf6 4. Bg2 d4 5. O-O c5 6. e3 Nc6 7. exd4 cxd4 8. d3 Bd6 9. Bg5 O-O 10. Nbd2 h6 11. Bxf6 Qxf6 12. a3 a5 13. Rc1 e5 14. Ne4 Qd8 15. c5 Bc7 16. Re1 Be6 17. Ned2 Bd5 18. Nc4 Re8 19. Qa4 f5 20. Qb5 a4 21. Nh4 Bxg2 22. Nxg2 Qd5 23. b4 axb3 24. Qxb3 Kh7 25. Nh4 e4 26. Qxb7 Ra7 27. Qb1 e3 28. fxe3 dxe3 29. Nxe3 Qd4 30. Rc4 Qf6 31. Nexf5 Rb7 32. Qd1 Rxe1+ 33. Qxe1 Ne5 34. Re4 Nxd3 35. Qf1 Nxc5 36. Re7 Ne6 37. Kh1 Rb2 38. Qd3 Kg8 39. Qc4 Rb1+ 40. Kg2 Rb2+ 41. Kh3 Rb6 42. Rxc7 Kh7 43. Kg2 Ng5 44. Re7 Rb2+ 45. Re2 Rb1 46. Rf2 Qa1 0-1


[Site "https://www.chess.com"]

[Event "Titled Tuesday Blitz February 21 Late 2023"]
[White "Rorrer, Grayson"]
[Black "Ibarra Jerez, Jose Carlos"]
[WhiteFideId "30944996"]
[BlackFideId "2226332"]
[WhiteElo "2263"]
[BlackElo "2563"]
[Result "1-0"]
[Round "04"]
[TimeControl "180+2"]
[Date "2023.02.21"]
[WhiteClock "0:00:04"]
[BlackClock "0:00:01"]

1. c4 e5 2. Nc3 Nf6 3. Nf3 e4 4. Ng5 c6 5. Ngxe4 Nxe4 6. Nxe4 d5 7. cxd5 cxd5 8. Ng3 h5 9. e3 h4 10. Ne2 Nc6 11. d4 Bf5 12. Bd2 Qf6 13. Nc3 O-O-O 14. Qb3 h3 15. Nxd5 Qg5 16. Nf4 Be4 17. f3 hxg2 18. Bxg2 Qh4+ 19. Kf1 g5 20. fxe4 gxf4 21. d5 f3 22. Bxf3 Qf6 23. Ke2 Ne5 24. Raf1 Kb8 25. Bc3 Qa6+ 26. Kd2 Qd3+ 27. Kc1 Qxe3+ 28. Kb1 Qg5 29. h4 Qe7 30. Be2 Bg7 31. h5 Rd6 32. Bb4 Rhd8 33. h6 Bh8 34. Bxd6+ Qxd6 35. h7 a6 36. Rfg1 Nd7 37. Rg8 Nc5 38. Qg3 Qxg3 39. Rxg3 1-0


[Site "https://www.chess.com"]

[Event "Titled Tuesday Blitz February 21 Late 2023"]
[White "Swiercz, Dariusz"]
[Black "Mendez Fortes, Eduardo Jesus"]
[WhiteFideId "1126881"]
[BlackFideId "3502376"]
[WhiteElo "2637"]
[BlackElo "2250"]
[Result "1-0"]
[Round "04"]
[TimeControl "180+2"]
[Date "2023.02.21"]
[WhiteClock "0:01:54"]
[BlackClock "0:01:00"]

1. d4 Nf6 2. Nf3 d5 3. c4 e6 4. e3 b6 5. cxd5 exd5 6. Bb5+ c6 7. Bd3 Bd6 8. b3 Nbd7 9. Bb2 Qe7 10. Nbd2 O-O 11. O-O Ne4 12. Qc2 Ndf6 13. Ne5 Nxd2 14. Qxd2 c5 15. f4 Bb7 16. Rad1 Ne4 17. Bxe4 dxe4 18. Nc4 cxd4 19. Qxd4 1-0


[Site "https://www.chess.com"]

[Event "Titled Tuesday Blitz February 21 Late 2023"]
[White "Preotu, Razvan"]
[Black "Andreikin, Dmitry"]
[WhiteFideId "2613280"]
[BlackFideId "4158814"]
[WhiteElo "2475"]
[BlackElo "2729"]
[Result "0-1"]
[Round "04"]
[TimeControl "180+2"]
[Date "2023.02.21"]
[WhiteClock "0:00:19"]
[BlackClock "0:00:08"]

1. e4 c5 2. Nf3 e6 3. c3 Nf6 4. e5 Nd5 5. d4 cxd4 6. cxd4 b6 7. Bd2 Bb7 8. Nc3 Be7 9. Bd3 d6 10. Qe2 Nd7 11. Ne4 dxe5 12. dxe5 Nb4 13. Bxb4 Bxb4+ 14. Kf1 Be7 15. h4 a6 16. Rh3 Qc7 17. Ned2 Nc5 18. Bc2 Rd8 19. Kg1 Qc6 20. b4 Na4 21. Be4 Qd7 22. Bxb7 Qxb7 23. Ne4 b5 24. Rg3 g6 25. h5 Qd5 26. Qe3 Qd3 27. Qf4 Nc3 28. Nf6+ Bxf6 29. Qxf6 Rf8 30. Ng5 Ne2+ 31. Kh2 Nxg3 32. fxg3 gxh5 33. Nxe6 Rg8 34. Rf1 Qxg3+ 35. Kh1 Qxg2# 0-1


[Site "https://www.chess.com"]

[Event "Titled Tuesday Blitz February 21 Late 2023"]
[White "Kollars, Dmitrij"]
[Black "Bryakin, Mikhail"]
[WhiteFideId "12909572"]
[BlackFideId "4165314"]
[WhiteElo "2607"]
[BlackElo "2455"]
[Result "1/2-1/2"]
[Round "04"]
[TimeControl "180+2"]
[Date "2023.02.21"]
[WhiteClock "0:00:18"]
[BlackClock "0:00:04"]

1. c4 c5 2. Nf3 Nf6 3. Nc3 Nc6 4. e3 d5 5. cxd5 Nxd5 6. Bb5 Nxc3 7. dxc3 Qxd1+ 8. Kxd1 Bd7 9. e4 a6 10. Be2 e6 11. Be3 O-O-O 12. Kc2 Be7 13. Nd2 Kc7 14. a4 f6 15. a5 Ne5 16. f4 Nf7 17. Nb3 Bc6 18. Bf3 c4 19. Nd2 Kb8 20. Nxc4 Nd6 21. Nxd6 Bxd6 22. Rhd1 e5 23. f5 Bc7 24. b4 Rxd1 25. Rxd1 Ba4+ 26. Kc1 Bxd1 27. Bxd1 Bd6 28. Bb3 h6 29. Kb2 Rc8 30. Be6 Rd8 31. Kb3 Be7 32. Bd5 Rc8 33. c4 Rd8 34. Bb6 Rc8 35. Be6 Rh8 36. b5 Bd8 37. c5 axb5 38. Kb4 Bxb6 39. axb6 Rd8 40. Bd5 h5 41. h4 Rh8 42. Kxb5 Rc8 43. g3 Ka8 44. Bf7 Rd8 45. Bd5 Rc8 46. Kb4 Kb8 47. Kc4 Rd8 48. Kc3 Kc8 49. Kb4 Kb8 50. Kb5 Rc8 51. Kb4 Rd8 52. Ka4 Rc8 53. Kb5 Ka8 1/2-1/2


[Site "https://www.chess.com"]

[Event "Titled Tuesday Blitz February 21 Late 2023"]
[White "Martinez Alcantara, Jose Eduardo"]
[Black "Holt, Conrad"]
[WhiteFideId "3805662"]
[BlackFideId "2034387"]
[WhiteElo "2619"]
[BlackElo "2540"]
[Result "1/2-1/2"]
[Round "04"]
[TimeControl "180+2"]
[Date "2023.02.21"]
[WhiteClock "0:00:10"]
[BlackClock "0:00:08"]

1. e4 e6 2. d4 d5 3. Nd2 c5 4. Ngf3 cxd4 5. Nxd4 Nf6 6. exd5 Nxd5 7. c3 Be7 8. N2f3 O-O 9. Bd3 Qc7 10. O-O Rd8 11. Qe2 Nf4 12. Bxf4 Qxf4 13. Rad1 Bd7 14. Be4 Qc7 15. Ne5 Be8 16. f4 Nc6 17. Ndxc6 bxc6 18. g3 Rab8 19. Kg2 c5 20. Rxd8 Bxd8 21. Rd1 Bf6 22. Nc4 Bb5 23. Rd2 g6 24. h4 h5 25. Kh3 Kg7 26. Bd3 Qc6 27. Kh2 Qa6 28. Ne5 Bxd3 29. Nxd3 Qxa2 30. Nxc5 Rd8 31. Nd7 Be7 32. Qe5+ Kg8 33. Qc7 Kg7 34. Re2 Qa6 35. Rg2 Qd6 36. Qxd6 Bxd6 37. Ne5 Bxe5 38. fxe5 Rd3 39. Re2 Kf8 40. Kg2 Ke7 41. Kf2 a5 42. Re3 Rd1 43. Kf3 Rb1 44. Re2 a4 45. Ke4 Rg1 46. Kf4 Rd1 47. Re4 Rd2 48. Rxa4 Rxb2 49. Ra7+ Kf8 50. Rc7 Rf2+ 51. Ke3 Rg2 52. Kf3 Rc2 53. Rc8+ Ke7 54. Rc7+ Ke8 55. c4 Rc1 56. Kf2 Rc3 57. Rc5 Kd7 58. Kg2 Rc2+ 59. Kf3 Rc3+ 60. Kf4 Kd8 61. Rc6 Kd7 62. Rd6+ Ke7 63. Rd4 Rc1 64. Ke4 Rf1 65. Rd3 Re1+ 66. Re3 Rd1 67. Ra3 Re1+ 68. Kd4 Rd1+ 69. Kc5 Re1 70. Ra7+ Ke8 71. Kc6 Rxe5 72. Kd6 f6 73. c5 Re1 74. c6 Rd1+ 75. Kxe6 Kd8 76. Rd7+ Rxd7 77. cxd7 g5 78. Kxf6 gxh4 79. gxh4 Kxd7 80. Kg6 Ke7 81. Kxh5 Kf7 82. Kh6 Kg8 83. Kg6 Kh8 84. h5 Kg8 85. h6 Kh8 86. h7 1/2-1/2


[Site "https://www.chess.com"]

[Event "Titled Tuesday Blitz February 21 Late 2023"]
[White "Tristan, Leonardo"]
[Black "Tang, Andrew"]
[WhiteFideId "113816"]
[BlackFideId "2059630"]
[WhiteElo "2545"]
[BlackElo "2523"]
[Result "0-1"]
[Round "04"]
[TimeControl "180+2"]
[Date "2023.02.21"]
[WhiteClock "0:00:02"]
[BlackClock "0:00:17"]

1. d4 d5 2. Nf3 Nf6 3. Bf4 e6 4. e3 Bd6 5. Nbd2 O-O 6. c3 b6 7. h4 Bxf4 8. exf4 c5 9. h5 Ba6 10. Bxa6 Nxa6 11. h6 g6 12. Qe2 Nc7 13. Ne5 Nce8 14. O-O Nd6 15. a4 Qc7 16. a5 cxd4 17. cxd4 Nf5 18. Ndf3 bxa5 19. Rfc1 Qb6 20. Ra4 Nxh6 21. Rc6 Qb3 22. Rxa5 Rfb8 23. Rc7 Qxb2 24. Qxb2 Rxb2 25. Raxa7 Rxa7 26. Rxa7 Nfg4 27. g3 Nxf2 28. Ng5 Ne4 29. g4 Ng3 30. Nexf7 Ne2+ 31. Kf1 Nxg4 32. Ne5 Nxe5 33. fxe5 Nxd4 34. Nxh7 Nf3 35. Rd7 Rh2 36. Nf6+ Kh8 37. Re7 Ng5 38. Kg1 Re2 39. Ng4 Re4 40. Nf6 Rxe5 41. Kg2 Rf5 42. Nd7 d4 43. Kg3 d3 44. Re8+ Kg7 45. Re7+ Rf7 46. Rxf7+ Nxf7 47. Ne5 Nxe5 0-1


[Site "https://www.chess.com"]

[Event "Titled Tuesday Blitz February 21 Late 2023"]
[White "Bortnyk, Mykola"]
[Black "Nasuta, Grzegorz"]
[WhiteFideId "14120836"]
[BlackFideId "1141686"]
[WhiteElo "2425"]
[BlackElo "2552"]
[Result "1-0"]
[Round "04"]
[TimeControl "180+2"]
[Date "2023.02.21"]
[WhiteClock "0:01:29"]
[BlackClock "0:00:34"]

1. e4 c5 2. c3 Nf6 3. e5 Nd5 4. Nf3 d6 5. d4 cxd4 6. cxd4 Nc6 7. Bc4 e6 8. O-O Be7 9. Qe2 O-O 10. a3 Bd7 11. Bd3 Qb6 12. exd6 Bxd6 13. Rd1 g6 14. Nc3 Nxc3 15. bxc3 Qc7 16. Bh6 Rfe8 17. h4 e5 18. Bc4 Bg4 19. Qe4 Bf5 20. Qe2 exd4 21. Qa2 Bg4 22. Ng5 Ne5 23. Rxd4 Nxc4 24. Rxc4 Qd7 25. Rxg4 1-0


[Site "https://www.chess.com"]